 Dungeon Crawl Stone Soup version 0.21.1-1-g345015f (webtiles) character file.

81 thiefofnight the Skirmisher (level 4, -11/40 HPs)
             Began as a Hill Orc Fighter on May 6, 2018.
             Killed by divine providence
             ... invoked by an orc priest
              (13 damage)
             ... on level 3 of the Dungeon.
             The game lasted 00:07:40 (1820 turns).

thiefofnight the Skirmisher (Hill Orc Fighter)      Turns: 1820, Time: 00:07:41

Health: -11/40     AC:  9    Str: 19    XL:     4   Next: 42%
Magic:  13/13      EV:  5    Int:  8    God:
Gold:   82         SH:  9    Dex: 10    Spells: 3/3 levels left

rFire    . . .     SeeInvis .   a - +0 long sword
rCold    . . .     Gourm    .   c - +0 shield
rNeg     . . .     Faith    .   m - +0 chain mail (curse)
rPois    .         Spirit   .   (no helmet)
rElec    .         Reflect  .   (no cloak)
rCorr    .         Harm     .   (no gloves)
MR       .....                  (no boots)
Stlth    ..........             (no amulet)
HPRegen  0.13/turn              e - ring of magical power
MPRegen  0.13/turn              (no ring)

@: lethally poisoned (-11 -> -46)
A: no striking features
a: Convert to Beogh


You were on level 3 of the Dungeon.
You were not hungry.

You visited 1 branch of the dungeon, and saw 3 of its levels.

You collected 82 gold pieces.

Inventory:

Hand Weapons
 a - a +0 long sword (weapon)
Armour
 b - a +0 scale mail
 c - a +0 shield (worn)
 m - a cursed +0 chain mail (worn)
 n - a +0 pair of boots
Jewellery
 e - a ring of magical power (left hand)
Wands
 i - a wand of paralysis (3)
Scrolls
 g - a scroll of remove curse {unknown}
 k - a scroll of amnesia {unknown}
Potions
 d - a potion of might
 h - a potion of brilliance {unknown}
 j - 2 potions of haste {unknown}
 l - a potion of agility {unknown}
Comestibles
 f - 3 rations


   Skills:
 + Level 4.1 Fighting
 + Level 3.2 Long Blades
 + Level 4.0 Armour
 + Level 0.2 Dodging
 + Level 4.0 Shields


You had 3 spell levels left.
You didn't know any spells.

Dungeon Overview and Level Annotations

Branches:
Dungeon (3/15)

Altars:


Message History

The orc hits you but does no damage.
You barely miss the orc priest.
The orc priest is heavily wounded.
* * * LOW HITPOINT WARNING * * *
You feel very sick. You block the leopard gecko's attack.
The orc priest shouts, "Beogh is our master!
Accept the truth or die!"
The orc priest hits you but does no damage.
You are more poisoned.
You block the orc's attack. The leopard gecko bites you.
* * * LOW HITPOINT WARNING * * *
Your shield and chain mail prevent you from hitting the orc priest.
The orc priest is moderately wounded.
* * * LOW HITPOINT WARNING * * *
You feel very sick. You block the orc priest's attack.
The orc hits you but does no damage. The leopard gecko barely misses you.
The orc priest mumbles some strange prayers to Beogh against you.
Beogh smites you!
You die...

##############
#............###
...............
..........(... #####
#+#............ #...#
#.............. #.#.#
###...o)....... #.#.#
#..%..@o.......
#.#.#####.#....l.....##
#.#.#.....##.##+######
#...#.######.# #..##.#
#.. #.....#########
#.######.....# #.#
###.###.###
#.####.....#...###


You could see an orc priest, an orc and a leopard gecko.

Vanquished Creatures
  2 adders (D:2)
  2 oozes
  2 worms (D:2)
  A leopard gecko (D:1)
  2 orcs (D:3)
  2 giant cockroaches (D:1)
  10 goblins
  2 hobgoblins
  A jackal (D:2)
  6 kobolds
  2 quokkas
  5 bats
  4 frilled lizards
  6 rats
  A toadstool (D:1)
48 creatures vanquished.

Vanquished Creatures (others)
  3 toadstools (D:1)
3 creatures vanquished.

Grand Total: 51 creatures vanquished

Notes
Turn   | Place    | Note
-------+----------+-------------------------------------------
     0 | D:1      | thiefofnight the Hill Orc Fighter began the quest for the Orb.
     0 | D:1      | Reached XP level 1. HP: 19/19 MP: 1/1
    65 | D:1      | Reached XP level 2. HP: 20/27 MP: 2/2
   488 | D:1      | Reached XP level 3. HP: 33/33 MP: 3/3
   738 | D:2      | Found a faded altar of an unknown god.
  1236 | D:2      | Reached XP level 4. HP: 40/40 MP: 4/4
  1820 | D:3      | HP: 2/40 [poisoned by an orc priest]
  1820 | D:3      | Killed from afar by an orc priest

Skill      XL: |  1  2  3  4 |
---------------+-------------+-----
Fighting       | 4 |  4.1
Long Blades    | 3 |  3.2
Shields        | 4 |  4.0
Armour         | 4 |  4.0
Dodging        | |  0.2

Action                   |  1- 3 |  4- 6 || total
-------------------------+-------+-------++-------
Melee: Long sword        |   110 |    55 ||   165
  Use: Scroll            |     3 |       ||     3
  Eat: Chunk             |     1 |     2 ||     3
Armor: Scale mail        |    15 |       ||    15
       Chain mail        |    50 |    76 ||   126
Dodge: Dodged            |    31 |    29 ||    60
Block: Shield            |    58 |    62 ||   120
       Rpst.: Long sword |     8 |     5 ||    13
